 Dungeon Crawl Stone Soup version 0.23.2-40-g277498a001 (webtiles) character file.

Game seed: 11916350975728840473

956063 Amplified the Archmage (level 27, -10/243 HPs)
             Began as a Mummy Wanderer on Sept 26, 2019.
             Was an Initiate of Gozag.
             Killed by dispel undead
             ... invoked by a Tzitzimitl
             ... called by a doom hound
              (76 damage)
             ... on level 1 of Tartarus on Sept 29, 2019.
             The game lasted 03:40:43 (114613 turns).

Amplified the Archmage (Mummy Wanderer)           Turns: 114613, Time: 03:40:43

Health: -10/243    AC: 30    Str: 22      XL:     27
Magic:  54/54      EV: 23    Int: 25 (26) God:    Gozag
Gold:   1433       SH: 19    Dex: 11 (14) Spells: 20/80 levels left

rFire    + + +     SeeInvis +   y - +9 demon trident (freeze)
rCold    + + .     Gourm    .   g - +5 shield {rF+}
rNeg     + + +     Faith    .   W - +6 acid dragon scales "Xooloth" {rElec rF++ rCorr SInv}
rPois    ∞         Spirit   .   n - +2 helmet {SInv}
rElec    +         Reflect  .   r - +1 cloak of Starlight {rElec rC+ EV+4 Stlth--}
rCorr    +         Harm     .   H - +2 pair of gloves {Dex+3}
MR       ++++.                  M - +2 pair of boots {run}
Stlth    ..........             K - amulet of the acrobat
HPRegen  0.50/turn              P - ring "Wev Xypy" {rF+ rC+ MR+ Int+8 Dex-2}
MPRegen  0.34/turn              d - ring "Ruluamok" {Fire Int+2 Slay+3}

@: gold aura, slowed, deflect missiles, very slow
A: no food or potions, fire vulnerability, cold resistance 1, negative energy
resistance 3, torment resistance, unbreathing, in touch with death 2
}: 8/15 runes: barnacled, slimy, silver, abyssal, demonic, fiery, dark, gossamer
a: Potion Petition, Call Merchant, Bribe Branch, Renounce Religion


You were on level 1 of Tartarus.
You worshipped Gozag.
Gozag was most pleased with you.
You were not hungry.

You visited 16 branches of the dungeon, and saw 65 of its levels.
You visited Pandemonium 1 time, and saw 8 of its levels.
You visited the Abyss 7 times.
You also visited: Ice Cave.

You collected 48373 gold pieces.
You spent 10639 gold pieces at shops.
You paid 36301 gold pieces to Gozag.

Inventory:

Hand Weapons
 f - the +9 trident "Zoptan" {drain, rF+ Stlth+}
   (You found it on level 2 of the Shoals)

   A truly terrible weapon, it drains the life of those it strikes.
   It protects you from fire.
   It makes you more stealthy.
 p - the +8 short sword "Samaqib" {pierce, MR++ Str+3 Int+3 Dex+3}
   (You found it on level 4 of the Dungeon)

   It inflicts extra damage upon your enemies.
   It affects your strength (+3).
   It affects your intelligence (+3).
   It affects your dexterity (+3).
   It affects your resistance to hostile enchantments.
 w - a +8 vampiric eveningstar
 y - a +9 demon trident of freezing (weapon)
 G - the +5 quick blade of Ashenzari's Pride {flame, Str+4 Dex+3}
   (You took it off a deep elf annihilator on level 5 of the Vaults)

   It has been specially enchanted to burn those struck by it, causing extra
   injury to most foes and up to half again as much damage against particularly
   susceptible opponents.
   It affects your strength (+4).
   It affects your dexterity (+3).
 J - a +9 demon blade of pain
Armour
 g - a +5 shield of fire resistance (worn)
 n - a +2 helmet of see invisible (worn)
 o - the +8 crystal plate armour of the Big Bang {+Fly rF+ rC+ Stlth-}
   (You found it on level 4 of the Dungeon)

   It protects you from fire.
   It protects you from cold.
   It lets you fly.
   It makes you less stealthy.
 r - the +1 cloak of Starlight (worn) {rElec rC+ EV+4 Stlth--}
   (You found it on level 10 of the Dungeon)

   It affects your evasion (+4).
   It protects you from cold.
   It insulates you from electricity.
   It makes you much less stealthy.
 s - the +2 chain mail "Dajecih" {rC+++ rCorr MP+9 Slay+4}
   (You found it on level 4 of the Vaults)

   It affects your accuracy and damage with ranged weapons and melee attacks
   (+4).
   It renders you almost immune to cold.
   It affects your magic capacity (+9).
   It provides partial protection from all sources of acid and corrosion.
 H - a +2 pair of gloves of dexterity (worn)
 I - the +2 hat of the Bear Spirit {Spirit, +Rage rN+ MR++}
   (You found it on level 1 of the Depths)

   It protects you from negative energy.
   It affects your resistance to hostile enchantments.
   It lets you go berserk.
 M - a +2 pair of boots of running (worn)
 W - the +6 acid dragon scales "Xooloth" (worn) {rElec rF++ rCorr SInv}
   (You found it on level 3 of the Crypt)

   It greatly protects you from fire.
   It insulates you from electricity.
   It lets you see invisible.
   It provides partial protection from all sources of acid and corrosion.
Jewellery
 d - the ring "Ruluamok" (right hand) {Fire Int+2 Slay+3}
   (You took it off a tengu reaver on level 5 of the Vaults)

   [ring of fire]

   It enhances your fire magic.
   It affects your intelligence (+2).
   It affects your accuracy and damage with ranged weapons and melee attacks
   (+3).
   It protects you from fire.
   It makes you vulnerable to cold.
 v - an uncursed ring of flight
 K - an amulet of the acrobat (around neck)
 L - an uncursed ring of protection from fire
 O - an uncursed ring of protection from cold
 P - the ring "Wev Xypy" (left hand) {rF+ rC+ MR+ Int+8 Dex-2}
   (You took it off a deep elf annihilator on level 3 of the Elven Halls)

   [ring of protection from magic]

   It affects your intelligence (+8).
   It affects your dexterity (-2).
   It protects you from fire.
   It protects you from cold.
   It affects your resistance to hostile enchantments.
 V - an uncursed ring of resist corrosion
 Y - the ring "Zeorea" {rF+++ Str-3 Dex+4 SInv Stlth-}
   (You found it on level 5 of the Pits of Slime)

   [ring of see invisible]

   It affects your strength (-3).
   It affects your dexterity (+4).
   It renders you almost immune to fire.
   It lets you see invisible.
   It makes you less stealthy.
Wands
 c - a wand of paralysis (7)
 z - a wand of enslavement (6)
 C - a wand of random effects (74)
 D - a wand of polymorph (14)
 R - a wand of disintegration (9)
 X - a wand of iceblast (32)
Scrolls
 b - a scroll of magic mapping
 e - 2 scrolls of identify
 h - 3 scrolls of teleportation
 i - a scroll of blinking
 j - 3 scrolls of enchant armour
 k - 3 scrolls of silence
 m - 19 scrolls of remove curse
 q - 4 scrolls of fear
 t - 7 scrolls of fog
 u - a scroll of brand weapon
 B - 6 scrolls of amnesia
Miscellaneous
 a - the horn of Geryon


   Skills:
 * Level 25.6 Fighting
 - Level 12.2 Short Blades
   Level 0.0(10.1) Axes
 - Level 15.1 Polearms
   Level 1.8 Bows
 - Level 1.5 Throwing
 - Level 17.1 Armour
 - Level 14.5 Dodging
 - Level 2.0 Stealth
 - Level 15.9 Shields
 O Level 27 Spellcasting
 * Level 8.6 Conjurations
 - Level 7.8 Charms
 * Level 5.2 Summonings
 - Level 17.3 Translocations
 - Level 7.8 Fire Magic
 - Level 7.8 Air Magic
 - Level 9.3 Earth Magic


You had 20 spell levels left.
You knew the following spells:

 Your Spells              Type           Power        Failure   Level  Hunger
a - Apportation           Tloc           ######       0%          1    N/A
b - Blink                 Tloc           N/A          0%          2    N/A
c - Confusing Touch       Hex            ####..       1%          1    N/A
d - Portal Projectile     Hex/Tloc       ######       1%          3    N/A
e - Passwall              Tmut/Erth      ######..     1%          2    N/A
f - Controlled Blink      Tloc           N/A          5%          8    N/A
g - Silence               Hex/Air        ######....   5%          5    N/A
h - Deflect Missiles      Chrm/Air       ######....   6%          6    N/A
i - Aura of Abjuration    Summ           ######....   3%          5    N/A
j - Bolt of Fire          Conj/Fire      #######...   4%          6    N/A
k - Iron Shot             Conj/Erth      ######....   3%          6    N/A
l - Ignition              Fire           #######...   95%         8    N/A
m - Spellforged Servitor  Conj/Summ      ######....   43%         7    N/A

Your spell library contained the following spells:

 Spells                   Type           Power        Failure   Level  Hunger
 Gell's Gravitas          Tloc           #######...   0%          3    N/A
 Passage of Golubria      Tloc           N/A          0%          4    N/A
 Animate Skeleton         Necr           N/A          1%          1    N/A
 Corona                   Hex            ####...      1%          1    N/A
 Flame Tongue             Conj/Fire      #####        1%          1    N/A
 Freeze                   Ice            ####         1%          1    N/A
 Magic Dart               Conj           ####         1%          1    N/A
 Pain                     Necr           ####         1%          1    N/A
 Shock                    Conj/Air       ####         1%          1    N/A
 Sting                    Conj/Pois      ####         1%          1    N/A
 Summon Small Mammal      Summ           ####         1%          1    N/A
 Call Imp                 Summ           ######..     1%          2    N/A
 Poisonous Vapours        Pois/Air       ######       1%          2    N/A
 Searing Ray              Conj           ######       1%          2    N/A
 Slow                     Hex            ####....     1%          2    N/A
 Sticks to Snakes         Tmut           ####....     1%          2    N/A
 Swiftness                Chrm/Air       ######..     1%          2    N/A
 Throw Flame              Conj/Fire      ######       1%          2    N/A
 Throw Frost              Conj/Ice       ######       1%          2    N/A
 Call Canine Familiar     Summ           ######..     1%          3    N/A
 Conjure Flame            Conj/Fire      #######.     1%          3    N/A
 Dazzling Spray           Conj/Hex       ######       1%          3    N/A
 Inner Flame              Hex/Fire       ######..     1%          3    N/A
 Mephitic Cloud           Conj/Pois/Air  ######..     1%          3    N/A
 Ozocubu's Armour         Chrm/Ice       ######..     1%          3    N/A
 Recall                   Summ/Tloc      N/A          1%          3    N/A
 Static Discharge         Conj/Air       ######..     1%          3    N/A
 Stone Arrow              Conj/Erth      ######       1%          3    N/A
 Summon Guardian Golem    Hex/Summ       #####...     1%          3    N/A
 Airstrike                Air            ######....   1%          4    N/A
 Force Lance              Conj/Tloc      #######.     1%          4    N/A
 Fulminant Prism          Conj/Hex       ######....   1%          4    N/A
 Iskenderun's Mystic Bla  Conj           ######..     1%          4    N/A
 Leda's Liquefaction      Hex/Erth       ######....   1%          4    N/A
 Petrify                  Tmut/Erth      ######..     1%          4    N/A
 Sticky Flame             Conj/Fire      #######.     1%          4    N/A
 Summon Lightning Spire   Summ/Air       ######..     1%          4    N/A
 Throw Icicle             Conj/Ice       ######..     1%          4    N/A
 Bolt of Magma            Conj/Fire/Erth #######...   1%          5    N/A
 Fireball                 Conj/Fire      #######...   1%          5    N/A
 Iskenderun's Battlesphe  Conj/Chrm      ######..     1%          5    N/A
 Lightning Bolt           Conj/Air       ######....   1%          5    N/A
 Summon Forest            Summ/Tloc      ######....   1%          5    N/A
 Dispersal                Tloc           #######...   1%          6    N/A
 Confuse                  Hex            ####....     3%          3    N/A
 Vampiric Draining        Necr           ######....   3%          3    N/A
 Summon Ice Beast         Ice/Summ       #####...     3%          4    N/A
 Summon Demon             Summ           ######....   3%          5    N/A
 Borgnjor's Vile Clutch   Necr/Erth      #######...   4%          5    N/A
 Irradiate                Conj/Tmut      ######....   4%          5    N/A
 Venom Bolt               Conj/Pois      ######....   4%          5    N/A
 Conjure Ball Lightning   Conj/Air       ######....   4%          6    N/A
 Excruciating Wounds      Chrm/Necr      #######...   5%          5    N/A
 Disjunction              Tloc           #######...   5%          8    N/A
 Animate Dead             Necr           N/A          10%         4    N/A
 Cause Fear               Hex            ####......   10%         4    N/A
 Olgreb's Toxic Radiance  Pois           ####....     10%         4    N/A
 Summon Mana Viper        Hex/Summ       #####...     10%         5    N/A
 Freezing Cloud           Conj/Ice/Air   ######....   16%         6    N/A
 Shadow Creatures         Summ           N/A          19%         6    N/A
 Orb of Destruction       Conj           ######....   24%         7    N/A
 Metabolic Englaciation   Hex/Ice        ####......   26%         5    N/A
 Yara's Violent Unravell  Hex/Tmut       ####......   26%         5    N/A
 Bolt of Cold             Conj/Ice       ######....   26%         6    N/A
 Summon Hydra             Summ           ######....   69%         7    N/A
 Death Channel            Necr           ######....   83%         6    N/A
 Ozocubu's Refrigeration  Ice            ####......   83%         6    N/A
 Simulacrum               Ice/Necr       ######....   83%         6    N/A
 Haunt                    Necr/Summ      #######...   96%         7    N/A
 Discord                  Hex            ####......   100%        8    N/A
 Shatter                  Erth           ######....   100%        9    N/A
 Tornado                  Air            ######....   100%        9    N/A
 Beastly Appendage        Tmut           Unusable     N/A         1    N/A
 Sublimation of Blood     Necr           Unusable     N/A         2    N/A
 Regeneration             Chrm/Necr      Unusable     N/A         3    N/A
 Spider Form              Tmut/Pois      Unusable     N/A         3    N/A
 Ice Form                 Ice/Tmut       Unusable     N/A         4    N/A
 Statue Form              Tmut/Erth      Unusable     N/A         6    N/A
 Blade Hands              Tmut           Unusable     N/A         5    N/A
 Hydra Form               Tmut           Unusable     N/A         6    N/A
 Dragon Form              Tmut           Unusable     N/A         7    N/A

Dungeon Overview and Level Annotations

Branches:
Dungeon (15/15)            Temple (1/1) D:6            Lair (6/6) D:9
 Shoals (4/4) Lair:3       Spider (4/4) Lair:3        Slime (5/5) Lair:5
    Orc (2/2) D:11            Elf (3/3) Orc:2        Vaults (5/5) D:14
  Crypt (3/3) Vaults:3       Tomb (1/3) Crypt:3      Depths (5/5) D:15
   Hell (1/1)                 Dis (0/7) Hell            Geh (4/7) Hell
    Coc (0/7) Hell            Tar (1/7) Hell            Zot (5/5) Depths:5

Altars:
Ashenzari
Cheibriados
Dithmenos
Elyvilon
Fedhas
Gozag
Hepliaklqana
Kikubaaqudgha
Makhleb
Nemelex Xobeh
Okawaru
Qazlal
Ru
Sif Muna
Trog
Uskayaw
Vehumet
Wu Jian
Xom
Yredelemnul
Zin
The Shining One
Jiyva
Lugonu

Shops:
D:8 }   D:13 *:   D:14 [   Orc:2 :([!   Lair:3 [(   Shoals:1 =*   Vaults:2 *
Vaults:3 *   Vaults:4 *   Vaults:5 (   Hell *   Zot:1 ?   Depths:1 *
Depths:2 *   Depths:3 %*   Depths:4 *?

Portals:
Hell: Depths:1 Depths:2 Depths:3 Depths:4 Depths:5
Abyss: Depths:2 Depths:3 Depths:4
Pandemonium: Depths:3
Ziggurat: Depths:1
Trove: Elf:2 (give 2 scrolls of acquirement)

Annotations:
D:3 Grinder
Crypt:1 Check statboos
Depths:2 exclusion: oklob plant
Depths:5 Abyss, Train Spells in, Pande, Hell, Tomb, ZiggSet of Fiery Death, Invoc?


Innate Abilities, Weirdness & Mutations

You do not eat or drink.
Your flesh is vulnerable to fire.
You are immune to poison.
Your flesh is cold resistant. (rC+)
You are immune to negative energy. (rN+++)
You are immune to unholy pain and torment.
You can survive without breathing.
You are strongly in touch with the powers of death.


Message History

The Tzitzimitl is severely wounded.
You block the Tzitzimitl's attack. x2; You block the wraith's attack.
The wraith hits you!
Unknown command.
You impale the Tzitzimitl!! You freeze the Tzitzimitl.
The Tzitzimitl is almost dead.
The Tzitzimitl gestures at you.
You convulse!
* * * LOW HITPOINT WARNING * * *
You block the wraith's attack. x2
Unknown command.
Unknown command.
Unknown command.
Okay, then.
You barely miss the Tzitzimitl.
The Tzitzimitl is almost dead.
The Tzitzimitl gestures at you.
You convulse!
You die...
Your body crumbles into a pile of gold.

. .. ############
...#.#...#....
...........# .........#
##......#### ##...))$#@###
.# # #.....$.WW1.# .#
#..##....##.$$..## ..# #.
##......)##..##..###..#...
#.......)....##....#......
.....#.#....####..........
....######### ###......#
.... ######....###
###.........#


You could see a Tzitzimitl and 2 wraiths.

Vanquished Creatures
  the Royal Jelly (Slime:5)
  4 ancient liches
  Mennas (Depths:4)
  A pandemonium lord (Pan)
  Boris (thrice) (Vaults:3 Tomb:1 Depths:5)
  Frederick (Depths:4)
  A curse toe (Zot:4)
  Bai Suzhen (Spider:2)
  Jory (Depths:4)
  A golden dragon (shapeshifter) (Vaults:5)
  2 profane servitors
  Geryon (Hell)
  10 golden dragons
  A Tzitzimitl (Pan)
  2 electric golems
  11 Brimstone Fiends
  7 bone dragons
  9 liches
  3 Hell Sentinels
  Jorgrun (Lair:3)
  15 tentacled monstrosities
  A doom hound (Tar:1)
  3 hellephants
  4 Ice Fiends (Pan)
  A shard shrike skeleton (Crypt:1)
  2 Orb Guardians (Zot:5)
  5 titans
  Murray (Hell)
  5 quicksilver dragons
  A deep elf master archer (Elf:3)
  31 tentacled starspawn
  2 deep elf blademasters (Elf:3)
  A kraken (Abyss:4)
  31 Executioners
  9 sphinxes
  19 acid blobs
  Kirke (D:12)
  4 ancient champions
  8 shadow dragons
  An eldritch tentacle (Vaults:2)
  10 death cobs
  The ghost of Kikorro the Warrior, an adept MiFi of Makhleb (Shoals:3)
  4 tengu reavers
  14 storm dragons
  A draconian monk (Depths:5)
  2 revenants
  2 warmongers (Pan)
  Roxanne (D:15)
  11 azure jellies
  Ilsuiw (Shoals:2)
  6 fire giants
  6 deep elf sorcerers
  24 balrugs
  8 cacodemons (Pan)
  5 draconian knights
  An iron dragon (Depths:4)
  7 frost giants
  5 orc warlords
  5 ghouls
  4 deep elf elementalists (Elf:3)
  Louise (Spider:1)
  10 emperor scorpions
  6 ghost moths
  A draconian stormcaller (Zot:4)
  4 curse skulls
  2 draconian scorchers
  11 vault wardens
  4 draconian shifters
  17 ironheart preservers
  10 reapers
  The ghost of Magireb the Swashbuckler, an adept VSGl of Uskayaw (Depths:4)
  34 very ugly things
  9 entropy weavers
  20 stone giants
  6 war gargoyles
  5 draconian annihilators
  2 blood saints (Pan)
  9 deep elf demonologists
  A black sun (Pan)
  A corrupter (Pan)
  9 lorocyprocas
  5 green draconians
  Azrael (Spider:2)
  10 vampire knights
  20 deep elf annihilators
  5 black draconians
  10 white draconians
  9 yellow draconians
  6 purple draconians
  8 spark wasps
  8 red draconians
  Snorg (D:14)
  3 merfolk javelineers
  5 deep elf death magi
  9 crystal guardians
  4 green deaths
  5 eidola
  6 death oozes
  9 fire dragons
  11 ettins
  8 blizzard demons
  9 jiangshi (Crypt:1)
  Josephine (Spider:1)
  14 merfolk impalers
  25 ogre magi
  Erolcha (D:11)
  A quicksilver dragon skeleton (Abyss:1)
  9 deep elf high priests
  24 yaktaur captains
  Fannar (D:11)
  11 ice dragons
  18 great orbs of eyes
  3 quicksilver dragon zombies
  10 rakshasas
  Harold (Lair:2)
  A naga warrior (Abyss:3)
  8 hydras
  26 vault guards
  2 alligator snapping turtles
  3 merfolk avatars
  6 spriggan air magi
  3 merfolk aquamancers
  3 hell beasts (Pan)
  5 catoblepae
  77 two-headed ogres
  14 centaur warriors
  4 monstrous demonspawn (Pan)
  A two-headed ogre (shapeshifter) (Vaults:5)
  A shambling mangrove (Abyss:4)
  8 death knights
  9 hell hogs
  5 satyrs
  4 death scarabs (Tomb:1)
  A queen ant (Spider:1)
  6 deep troll earth magi
  11 tengu warriors
  An orc high priest (Orc:2)
  13 spriggan berserkers
  7 death yaks (Lair:6)
  Urug (Orc:1)
  6 vampire magi
  7 deep troll shamans
  21 soul eaters
  33 sun demons
  Sonja (D:11)
  23 deep elf knights
  2 titan skeletons
  31 thrashing horrors
  24 wretched stars
  An iron troll (Depths:4)
  79 hell knights
  A fire crab (Abyss:4)
  12 spatial maelstroms
  17 sixfirhies
  13 sea snakes
  2 golden dragon zombies
  4 gelid demonspawn (Pan)
  12 shadow wraiths
  A quicksilver dragon simulacrum (Abyss:4)
  5 unseen horrors
  2 anaconda zombies
  6 infernal demonspawn (Pan)
  50 skeletal warriors
  9 glowing orange brains
  10 shadow demons
  A torturous demonspawn (Pan)
  5 storm dragon skeletons
  13 ironbrand convokers
  3 shadow dragon zombies
  A kraken simulacrum (Shoals:4)
  15 orc knights
  2 wizards
  75 large abominations
  30 necromancers
  34 deep trolls
  16 deep elf archers
  A golden dragon skeleton (Geh:2)
  13 flayed ghosts
  8 shining eyes
  4 phantasmal warriors
  4 wolf spider zombies
  An iron dragon zombie (Depths:4)
  4 anaconda skeletons
  2 mana vipers
  3 frost giant zombies
  4 shadow dragon skeletons
  67 deep elf magi
  28 orb spiders
  35 wolf spiders
  4 stone giant zombies (Hell)
  27 harpies
  62 ugly things
  4 cyclopes
  8 orc sorcerers
  A shining eye (shapeshifter) (Vaults:2)
  3 fire giant zombies
  3 iron dragon skeletons
  3 elephants (Lair:3)
  16 manticores
  26 moths of wrath
  6 worldbinders
  8 fauns
  2 frost giant skeletons
  7 stone giant skeletons
  6 fire giant skeletons
  A moth of wrath (shapeshifter) (Abyss:2)
  An ice statue (IceCv)
  17 vault sentinels
  3 black mambas
  2 molten gargoyles (Hell)
  A torpor snail (Lair:3)
  A black mamba (shapeshifter) (Vaults:4)
  4 gargoyles
  4 merfolk sirens
  4 apocalypse crabs
  A shock serpent skeleton (Geh:3)
  A guardian serpent (Abyss:3)
  26 smoke demons
  10 spiny frogs
  2 water nymphs
  3 rust devils
  2 eyes of devastation
  2 yaktaur zombies
  A death yak zombie (Crypt:2)
  3 dire elephant skeletons
  14 efreet
  5 hellions
  18 orange demons
  A spriggan skeleton (Depths:1)
  A spiny frog (shapeshifter) (Vaults:3)
  13 komodo dragons
  10 centaur skeletons
  81 yaktaurs
  An emperor scorpion zombie (Crypt:1)
  A rime drake (Lair:3)
  32 demonic crawlers
  17 freezing wraiths
  2 yaktaurs (shapeshifter)
  7 tormentors
  A yaktaur skeleton (Vaults:2)
  2 anaconda simulacra
  32 ancient zymes
  2 hydra zombies
  A rime drake (shapeshifter) (Vaults:4)
  14 trolls
  5 ice devils
  4 hellwings
  2 guardian mummies (Tomb:1)
  2 catoblepas skeletons
  A harpy zombie (Crypt:1)
  38 red devils
  A queen bee (Lair:3)
  27 polar bears
  46 jumping spiders
  A silent spectre (Tar:1)
  A wind drake (shapeshifter) (Depths:2)
  31 merfolk
  A queen bee (shapeshifter) (Abyss:4)
  7 wind drakes
  A bog body (Crypt:2)
  2 hornets (shapeshifter) (Vaults:5)
  A polar bear (shapeshifter) (Vaults:3)
  2 harpy skeletons
  A shadow dragon simulacrum (Abyss:4)
  5 alligator zombies
  3 elf zombies
  15 hornets
  32 blink frogs
  2 frost giant simulacra
  An ice dragon zombie (Hell)
  67 slime creatures
  A dream sheep (shapeshifter) (Elf:3)
  A meliai zombie (D:15)
  75 raiju
  5 hydra skeletons
  7 snapping turtles (Shoals:4)
  4 fire dragon zombies
  A hippogriff (shapeshifter) (Vaults:2)
  2 deep troll zombies (D:15)
  46 small abominations
  16 hippogriffs
  A death drake skeleton (Crypt:1)
  3 dream sheep (Shoals:3)
  3 ettin zombies
  8 spriggans
  21 water elementals
  An alligator skeleton (Geh:3)
  58 flying skulls
  A dire elephant simulacrum (Crypt:1)
  4 ettin skeletons
  3 ice dragon skeletons
  99 starcursed masses
  38 ynoxinuls
  75 redbacks
  An air elemental (Elf:2)
  35 tarantellas
  A wyvern (shapeshifter) (Vaults:2)
  A black mamba zombie (Abyss:3)
  2 fire dragon skeletons (Geh:3)
  An ushabti (Tomb:1)
  A vampire (D:14)
  10 shadows
  5 basilisks
  28 fire elementals
  4 humans (shapeshifter)
  23 wraiths
  A hog (D:12)
  6 fire bats
  A black mamba skeleton (Geh:1)
  38 golden eyes
  A golden eye (shapeshifter) (Depths:2)
  A wyvern (Lair:3)
  A yak (shapeshifter) (Abyss:1)
  57 yaks
  15 neqoxecs
  2 hogs (shapeshifter)
  16 chaos spawn
  3 hungry ghosts
  6 vampire mosquitoes (D:15)
  An emperor scorpion simulacrum (Hell)
  A human zombie (Depths:1)
  A yaktaur simulacrum (Vaults:2)
  12 insubstantial wisps
  8 wargs
  A hydra simulacrum (Hell)
  10 water moccasins
  12 spatial vortices
  3 acid dragons
  A gelid demonspawn skeleton (Crypt:1)
  2 tengu zombies
  21 soldier ants (Spider:1)
  17 hell hounds
  A faun zombie (Crypt:2)
  9 porcupines
  3 spiny frog zombies
  A black bear (shapeshifter) (Depths:2)
  3 ice beasts
  6 black bears
  An infernal demonspawn skeleton (Crypt:1)
  48 orc warriors
  15 eyes of draining
  76 ogres
  A swamp drake (D:11)
  An eye of draining (shapeshifter) (Vaults:3)
  5 snapping turtle zombies
  5 sky beasts
  An ice dragon simulacrum (Hell)
  11 necrophages
  9 boggarts
  34 wolves
  38 centaurs
  An ogre (shapeshifter) (Vaults:1)
  3 phantoms
  A hog zombie (Crypt:1)
  3 snapping turtle skeletons
  2 manticore skeletons
  10 crocodiles
  3 big kobolds
  Blork the orc (D:9)
  21 bullfrogs
  7 earth elementals
  5 human skeletons
  A scorpion (D:4)
  2 spriggan zombies (Hell)
  A killer bee (shapeshifter) (Vaults:3)
  A snapping turtle simulacrum (Abyss:4)
  17 killer bees
  3 electric eels
  A troll skeleton (Geh:3)
  42 wights
  A vampire bat (Lair:6)
  A bullfrog zombie (D:11)
  16 crimson imps
  A centaur zombie (Crypt:2)
  5 jellies
  2 quasits
  23 orc priests
  3 hounds
  24 orc wizards
  2 bullfrog skeletons
  3 iguanas
  4 iron imps
  30 worker ants
  2 dwarf zombies
  A bullfrog simulacrum (D:10)
  2 mummies (Tomb:1)
  A killer bee simulacrum (D:10)
  14 adders
  A hound simulacrum (D:10)
  7 shadow imps
  8 white imps
  8 ufetubi
  3 oozes
  An adder skeleton (D:7)
  2 worms (D:2)
  A barachi zombie (Crypt:2)
  4 dart slugs
  7 leopard geckos
  109 orcs
  7 giant cockroaches
  7 goblins
  11 hobgoblins
  3 jackals (D:5)
  21 kobolds
  3 quokkas
  A ball python (D:2)
  12 bats
  4 frilled lizards
  A hobgoblin skeleton (Crypt:1)
  2 kobold skeletons
  A kobold zombie (Crypt:2)
  A leopard gecko skeleton (D:5)
  A leopard gecko zombie (D:5)
  An orc simulacrum (Crypt:2)
  2 orc skeletons (Pan)
  4 rats (D:1)
  A rat zombie (Crypt:1)
  2 fire vortices (Pan)
  5 lurking horrors
  35 starspawn tentacles
4176 creatures vanquished.

Vanquished Creatures (collateral kills)
  Rupert (Lair:6)
  A skeletal warrior (Vaults:2)
  An ironbrand convoker (Vaults:2)
  A tarantella (Spider:2)
  3 redbacks (Spider:2)
  An orc (Vaults:2)
8 creatures vanquished.

Vanquished Creatures (others)
  A draconian monk (Zot:4)
  An emperor scorpion (Spider:4)
  A warmonger (Pan)
  A white draconian (Zot:4)
  A merfolk aquamancer (Shoals:3)
  29 dancing weapons
  A thrashing horror (Abyss:4)
  A sun demon (Pan)
  2 deep elf knights (Elf:2)
  An unseen horror (D:15)
  A necromancer (Abyss:3)
  2 orb spiders
  A frost giant skeleton (Hell)
  A smoke demon (Pan)
  A jumping spider (Spider:1)
  2 polar bears (IceCv)
  A hornet (Vaults:5)
  A blink frog (Abyss:3)
  2 raiju
  A flying skull (Geh:2)
  2 redbacks
  2 yaks (IceCv)
  A ynoxinul (Abyss:3)
  A chaos spawn (Abyss:3)
  A necrophage (Geh:1)
  An ogre (Vaults:5)
  A boggart (Depths:2)
  3 wolves (IceCv)
  3 small abominations
  A kobold (D:8)
  5 bushes (Lair:2)
  A demonic plant (Abyss:1)
  10 fungi
  3 lurking horrors
  34 plants
  92 starspawn tentacles
  19 tentacles
  8 withered plants (D:15)
240 creatures vanquished.

Grand Total: 4424 creatures vanquished

Notes
Turn   | Place    | Note
-------+----------+-------------------------------------------
     0 | D:1      | Amplified the Mummy Wanderer began the quest for the Orb.
     0 | D:1      | Amplified set off with the following items: a +2 blowgun, 3
                  | curare-tipped needles, a +0 short sword, a +0 shortbow, 26
                  | arrows, a +0 robe
     0 | D:1      | Reached XP level 1. HP: 15/15 MP: 1/1
    85 | D:1      | Reached skill level 1 in Spellcasting
    97 | D:1      | Reached XP level 2. HP: 21/21 MP: 3/3
   602 | D:2      | Reached XP level 3. HP: 22/27 MP: 4/4
   974 | D:2      | Found a shadowy altar of Dithmenos.
  1023 | D:2      | Reached skill level 1 in Stealth
  1071 | D:2      | Reached XP level 4. HP: 34/34 MP: 5/5
  1370 | D:2      | Found an ancient bone altar of Kikubaaqudgha.
  1532 | D:3      | Found a bloodstained altar of Trog.
  1532 | D:3      | Noticed an eye of draining
  1650 | D:3      | Noticed an eye of draining
  1680 | D:2      | Killed an eye of draining
  1680 | D:2      | Reached XP level 5. HP: 41/41 MP: 0/6
  1698 | D:2      | Killed an eye of draining
  1698 | D:2      | Reached XP level 6. HP: 47/47 MP: 1/7
  1758 | D:3      | Found a sparkling altar of Nemelex Xobeh.
  1857 | D:3      | Noticed Grinder
  1859 | D:3      | Paralysed by Grinder for 7 turns
  1953 | D:3      | Paralysed by Grinder for 6 turns
  2259 | D:4      | Reached skill level 5 in Short Blades
  2380 | D:4      | Found a shattered altar of Ashenzari.
  2481 | D:4      | Got a steaming crystal plate armour
  2482 | D:4      | Identified the +8 crystal plate armour of the Big Bang
                  | {+Fly rF+ rC+ Stlth-} (You found it on level 4 of the
                  | Dungeon)
  2505 | D:4      | Found a hide-covered altar of Uskayaw.
  2507 | D:4      | Noticed a +0 hand axe
  2507 | D:4      | Noticed a +0 hand axe
  2591 | D:4      | Got a pitted short sword
  2592 | D:4      | Identified the +8 short sword "Samaqib" {pierce, MR++ Str+3
                  | Int+3 Dex+3} (You found it on level 4 of the Dungeon)
  2699 | D:4      | Found a snail-covered altar of Cheibriados.
  3014 | D:4      | Reached XP level 7. HP: 53/53 MP: 8/8
  3055 | D:5      | Entered Level 5 of the Dungeon
  3205 | D:5      | Found a radiant altar of Vehumet.
  3249 | D:5      | Found an iron altar of Okawaru.
  3875 | D:6      | Found a staircase to the Ecumenical Temple.
  3894 | Temple   | Entered the Ecumenical Temple
  4047 | Temple   | Became a worshipper of Gozag Ym Sagoz the Greedy
  4187 | D:6      | Reached skill level 5 in Fighting
  4187 | D:6      | Reached XP level 8. HP: 53/62 MP: 9/9
  4266 | D:6      | Found a glowing golden altar of the Shining One.
  5267 | D:8      | Found a blossoming altar of Fedhas.
  5315 | D:8      | Found Lizxog Qeimo's Gadget Boutique.
  5323 | D:8      | Bought a wand of digging (6) for 300 gold pieces
  5418 | D:8      | Noticed a hippogriff
  5419 | D:8      | Noticed a polar bear
  5419 | D:8      | Noticed a polar bear
  5419 | D:8      | Noticed a polar bear
  5420 | D:8      | Found a huge runed translucent gate.
  5420 | D:8      | Found a huge runed translucent gate.
  5420 | D:8      | Found a huge runed translucent gate.
  5420 | D:8      | Noticed a polar bear
  5420 | D:8      | Noticed a polar bear
  5420 | D:8      | Noticed a hippogriff
  5420 | D:8      | Noticed a polar bear
  5421 | D:8      | Found a huge runed translucent gate.
  5421 | D:8      | Noticed a polar bear
  5421 | D:8      | Noticed a polar bear
  5542 | D:8      | Found a snail-covered altar of Cheibriados.
  5542 | D:8      | Found a hazy altar of Hepliaklqana.
  5658 | D:8      | Noticed a hippogriff
  5666 | D:8      | Killed a hippogriff
  5666 | D:8      | Reached XP level 9. HP: 65/71 MP: 10/10
  6315 | D:9      | Found a glowing silver altar of Zin.
  6342 | D:9      | Reached skill level 5 in Armour
  6639 | D:10     | Entered Level 10 of the Dungeon
  6645 | D:10     | Noticed a polar bear
  6660 | D:10     | Killed a polar bear
  6849 | D:10     | Found the +1 cloak of Starlight {rElec rC+ EV+4 Stlth--}
  6850 | D:10     | Noticed a brown ugly thing
  6867 | D:10     | Killed a brown ugly thing
  7002 | D:10     | Reached XP level 10. HP: 80/80 MP: 11/11
  7395 | D:10     | Got a spiked leather armour
  7396 | D:10     | Identified the +1 leather armour of the Equinox {Str+3}
                  | (You found it on level 10 of the Dungeon)
  7963 | D:11     | Noticed a two-headed ogre
  7975 | D:11     | Killed a two-headed ogre
  8106 | D:11     | You fall through a shaft for 2 floors!
  8158 | D:13     | Noticed a manticore
  8169 | D:13     | Killed a manticore
  8239 | D:13     | Noticed a centaur warrior
  8251 | D:13     | Killed a centaur warrior
  8251 | D:13     | Reached XP level 11. HP: 76/90 MP: 12/12
  8325 | D:13     | Noticed an acid blob
  8325 | D:13     | Noticed a great orb of eyes
  8396 | D:13     | Noticed a red ugly thing
  8417 | D:13     | Killed a red ugly thing
  8637 | D:13     | Reached skill level 10 in Fighting
  8912 | D:13     | Found a transporter.
  8912 | D:13     | Found a transporter.
  9064 | D:12     | Noticed Kirke
  9106 | D:12     | Noticed a harpy
  9106 | D:12     | Noticed a harpy
  9106 | D:12     | Killed Kirke
  9162 | D:12     | Reached skill level 10 in Short Blades
  9851 | D:12     | Noticed an eight-headed hydra
  9863 | D:12     | Killed an eight-headed hydra
 10284 | D:11     | Noticed an unseen horror
 10297 | D:11     | Killed an unseen horror
 10399 | D:11     | Noticed a green ugly thing
 10417 | D:11     | Killed a green ugly thing
 10417 | D:11     | Reached XP level 12. HP: 100/100 MP: 13/13
 10547 | D:11     | Noticed a two-headed ogre
 10559 | D:11     | Killed a two-headed ogre
 10765 | D:11     | Noticed Sonja
 10798 | D:11     | Killed Sonja
 11074 | D:11     | Found a staircase to the Orcish Mines.
 11402 | D:9      | Found a staircase to the Lair.
 11520 | D:9      | Noticed a two-headed ogre
 11533 | D:9      | Killed a two-headed ogre
 11591 | D:9      | Noticed Blork the orc
 11601 | D:9      | Killed Blork the orc
 11603 | D:9      | Found a deep blue altar of Sif Muna.
 11843 | Lair:1   | Entered Level 1 of the Lair of Beasts
 12248 | Lair:1   | Reached skill level 10 in Armour
 12964 | Lair:2   | Noticed Harold
 13008 | Lair:3   | Found a frozen archway.
 13008 | Lair:3   | Noticed a seven-headed hydra
 13018 | IceCv    | Entered an ice cave
 13885 | IceCv    | Gained mutation: You are in touch with the powers of death.
                  | [Mummy growth]
 13885 | IceCv    | Reached XP level 13. HP: 97/109 MP: 14/14
 14159 | IceCv    | Noticed a frost giant
 14210 | IceCv    | Killed a frost giant
 14839 | Lair:2   | Killed Harold
 14839 | Lair:2   | Reached skill level 1 in Dodging
 15947 | Lair:3   | You fall through a shaft for 2 floors!
 16266 | Lair:3   | Found a hole to the Spider Nest.
 16597 | Lair:3   | Found a staircase to the Shoals.
 17695 | Lair:5   | Found a runed translucent door.
 17695 | Lair:5   | Noticed an azure jelly
 17696 | Lair:5   | Found a viscous altar of Jiyva.
 17696 | Lair:5   | Found a staircase to the Slime Pits.
 17696 | Lair:5   | Noticed an azure jelly
 17711 | Lair:5   | Reached XP level 14. HP: 118/118 MP: 15/15
 17723 | Lair:5   | Got a distressingly furry leather armour
 17724 | Lair:5   | Identified the +0 leather armour of Distant Worlds {Regen+}
                  | (You found it on level 5 of the Lair of Beasts)
 18566 | Lair:6   | Entered Level 6 of the Lair of Beasts
 18672 | Lair:6   | Reached skill level 5 in Dodging
 18997 | Lair:6   | Noticed Rupert
 19604 | Orc:1    | Entered Level 1 of the Orcish Mines
 19605 | Orc:1    | Noticed Fannar
 19609 | Orc:1    | Noticed Erolcha
 19639 | D:11     | Killed Erolcha
 19650 | D:11     | Killed Fannar
 19916 | Orc:2    | Entered Level 2 of the Orcish Mines
 19916 | Orc:2    | Found Zucocs's Book Boutique.
 19921 | Orc:2    | Found Huusm's Antique Armour Boutique.
 20806 | Orc:2    | Noticed an orc warlord
 20867 | Orc:2    | Killed an orc warlord
 21019 | Orc:2    | Reached XP level 15. HP: 116/127 MP: 16/16
 21079 | Orc:2    | Found Zixt's Distillery.
 21084 | Orc:2    | Found a staircase to the Elven Halls.
 21094 | Orc:2    | Found Iluac's Antique Weapon Shop.
 21112 | Orc:2    | Bought a faintly glowing battleaxe for 310 gold pieces
 21112 | Orc:2    | Identified the +10 battleaxe "Fautoll" {elec, +Rage rPois
                  | Str-2 SInv} (You bought it in a shop on level 2 of the
                  | Orcish Mines)
 21514 | Orc:1    | Noticed Urug
 21525 | Orc:1    | Killed Urug
 21591 | Orc:1    | Noticed an orc warlord
 21633 | Orc:1    | Killed an orc warlord
 22222 | Orc:1    | Noticed an orc warlord
 22257 | Orc:1    | Killed an orc warlord
 22617 | D:14     | Found a gate to the Vaults.
 22628 | D:14     | Reached skill level 15 in Fighting
 22650 | D:14     | Noticed Snorg
 22665 | D:14     | Killed Snorg
 22919 | D:14     | Found Buobismi's Armour Boutique.
 23641 | D:14     | Noticed an orc warlord
 23792 | D:13     | Bought a warped buckler for 399 gold pieces
 23792 | D:13     | Bought a tiny citrine amulet for 210 gold pieces
 23792 | D:13     | Bought a tapered silver wand for 168 gold pieces
 23792 | D:13     | Bought a pair of runed gloves for 315 gold pieces
 23792 | D:13     | Identified the cursed +0 buckler "Liucw" {rN+ rCorr Str+2}
                  | (You bought it in a shop on level 13 of the Dungeon)
 24010 | D:14     | Killed an orc warlord
 24010 | D:14     | Reached skill level 1 in Shields
 24050 | D:15     | Entered Level 15 of the Dungeon
 24560 | D:15     | Found a shadowy altar of Dithmenos.
 24723 | D:15     | Reached skill level 5 in Shields
 24862 | D:15     | Identified Roxanne's Collected Works on Transformation
 24862 | D:15     | Noticed Roxanne
 25003 | D:15     | Found a staircase to the Depths.
 25772 | D:14     | Identified the Reference Book on the Birds and the
                  | Snowflakes
 26222 | Lair:6   | Reached XP level 16. HP: 114/136 MP: 17/17
 27427 | Lair:6   | Killed Rupert
 27738 | Elf:1    | Entered Level 1 of the Elven Halls
 27769 | Elf:1    | Found a radiant altar of Vehumet.
 28035 | Elf:1    | Identified the Papyrus of Blows and Bruises
 28407 | Elf:1    | Reached skill level 10 in Shields
 28840 | Elf:1    | Got a warped hunting sling
 28841 | Elf:1    | Identified the cursed +1 hunting sling of the Messenger
                  | {flame, rElec MR- Str+5} (You found it on level 1 of the
                  | Elven Halls)
 29677 | Elf:3    | Entered Level 3 of the Elven Halls
 29794 | Elf:3    | Noticed a deep elf master archer
 30675 | Elf:2    | Found a runed translucent gate.
 30676 | Elf:2    | Found a runed translucent gate.
 30677 | Elf:2    | Found a runed translucent gate.
 30874 | Elf:2    | Found a portal to a secret trove of treasure.
 31367 | Spider:1 | Entered Level 1 of the Spider Nest
 31515 | Lair:3   | Reached XP level 17. HP: 74/142 MP: 18/18
 31776 | Shoals:1 | Entered Level 1 of the Shoals
 32181 | Shoals:1 | Bought a scroll of teleportation for 60 gold pieces
 32181 | Shoals:1 | Bought a scroll of identify for 40 gold pieces
 32181 | Shoals:1 | Bought a scroll of identify for 40 gold pieces
 32896 | Shoals:2 | Got a smoking ivory ring
 32897 | Shoals:2 | Identified the cursed ring "Kukh" {Str-3 Int-5 Dex-2 Slay+6
                  | SInv} (You found it on level 2 of the Shoals)
 32913 | Shoals:2 | Noticed Ilsuiw
 32943 | Shoals:2 | Killed Ilsuiw
 34099 | Shoals:3 | Found a runed translucent door.
 34099 | Shoals:3 | Noticed Kikorro's ghost (adept MiFi)
 34320 | Shoals:3 | Cast into level 2 of the Abyss (merfolk aquamancer)
 34969 | Shoals:3 | Escaped the Abyss
 35335 | Shoals:4 | Entered Level 4 of the Shoals
 35940 | Shoals:4 | Reached skill level 10 in Dodging
 35961 | Shoals:4 | Reached XP level 18. HP: 121/152 MP: 19/19
 36099 | Shoals:4 | Got a barnacled rune of Zot
 36479 | Shoals:3 | Killed Kikorro's ghost
 36747 | Lair:3   | Bought a +0 pair of boots of running for 567 gold pieces
 36765 | Lair:3   | Bought a bloodstained short sword for 360 gold pieces
 36765 | Lair:3   | Bought an encrusted demon trident for 900 gold pieces
 36765 | Lair:3   | Identified the +0 short sword of Esag {elec, +Inv rElec MR-
                  | Int+4} (You bought it in a shop on level 3 of the Lair of
                  | Beasts)
 36767 | Lair:3   | Identified the +7 demon trident "Tofilear" {flame, *Slow
                  | MR+ Str+3} (You bought it in a shop on level 3 of the Lair
                  | of Beasts)
 36998 | Vaults:1 | Entered Level 1 of the Vaults
 38949 | Vaults:1 | Reached XP level 19. HP: 161/161 MP: 20/20
 39346 | Vaults:2 | Reached skill level 15 in Armour
 40650 | Vaults:2 | Found Kueheuh's General Store.
 40658 | Vaults:2 | Bought a scroll of fear for 70 gold pieces
 40658 | Vaults:2 | Bought a scroll of fear for 70 gold pieces
 41183 | Vaults:3 | Found a staircase to the Crypt.
 41183 | Vaults:3 | Found a basalt altar of Yredelemnul.
 41184 | Vaults:3 | Found an ancient bone altar of Kikubaaqudgha.
 41292 | Vaults:3 | Noticed Boris
 41580 | Vaults:4 | Found Lucaxal's General Store.
 41583 | Vaults:4 | Bought a wand of acid (2) for 132 gold pieces
 41785 | Vaults:4 | Identified the +2 chain mail "Dajecih" {rC+++ rCorr MP+9
                  | Slay+4} (You found it on level 4 of the Vaults)
 42499 | Vaults:4 | Reached XP level 20. HP: 153/172 MP: 21/21
 43325 | Vaults:5 | Entered Level 5 of the Vaults
 43450 | Crypt:1  | Entered Level 1 of the Crypt
 44301 | Vaults:3 | Killed Boris
 44561 | Vaults:3 | Identified the Reference Book on Creative Curses
 45465 | Vaults:3 | Bought a scroll labeled AQIONL UBREUHE for 21 gold pieces
 45465 | Vaults:3 | Bought a scroll of magic mapping for 73 gold pieces
 45465 | Vaults:3 | Bought a tattered robe for 119 gold pieces
 45465 | Vaults:3 | Bought a scroll of identify for 42 gold pieces
 46438 | Lair:3   | Bought a brightly glowing executioner's axe for 675 gold
                  | pieces
 46438 | Lair:3   | Identified the +6 executioner's axe "Gileas" {distort, MR+}
                  | (You bought it in a shop on level 3 of the Lair of Beasts)
 46439 | Lair:3   | Identified the +2 robe of the King of the Hill {Int-2
                  | Dex+7} (You bought it in a shop on level 3 of the Vaults)
 46903 | Elf:3    | Identified the ring "Wev Xypy" {rF+ rC+ MR+ Int+8 Dex-2}
 47054 | Elf:3    | Identified the cursed +0 leather armour of Music {+Inv
                  | rElec Dex+4}
 47089 | Elf:3    | Reached XP level 21. HP: 87/181 MP: 22/22
 47224 | Elf:3    | Identified the +5 hand axe of Darayz {elec, rN+}
 47577 | Elf:3    | Identified the +6 lajatang of Integrity {vamp, Str+6}
 49208 | Elf:3    | Identified the Volume of Orientation
 49291 | Elf:3    | Reached skill level 1 in Translocations
 49331 | Elf:3    | Identified the +1 hunting sling "Juolipec" {venom, Dex+4}
                  | (You found it on level 3 of the Elven Halls)
 50475 | Crypt:1  | Reached skill level 5 in Translocations
 52405 | Crypt:2  | Reached XP level 22. HP: 172/192 MP: 23/23
 52581 | Crypt:2  | Identified the cursed +0 chain mail of the Demon Prince
                  | {rN+ Int+6} (You found it on level 2 of the Crypt)
 52823 | Crypt:3  | Entered Level 3 of the Crypt
 53333 | Crypt:3  | Learned a level 1 spell: Apportation
 53336 | Crypt:3  | Learned a level 2 spell: Blink
 53713 | Crypt:3  | Found a basalt altar of Yredelemnul.
 53713 | Crypt:3  | Noticed an ancient lich
 53729 | Crypt:3  | Killed an ancient lich
 53729 | Crypt:3  | Reached skill level 10 in Translocations
 53776 | Crypt:3  | Identified Kikubaaqudgha's Guide on Evil
 54737 | Crypt:3  | Found a staircase to the Tomb.
 55050 | Crypt:3  | Got spiked acid dragon scales
 55051 | Crypt:3  | Identified the +6 acid dragon scales "Xooloth" {rElec rF++
                  | rCorr SInv} (You found it on level 3 of the Crypt)
 55442 | Depths:1 | Entered Level 1 of the Depths
 55446 | Depths:1 | Bought an encrusted chain mail for 446 gold pieces
 55446 | Depths:1 | Bought a fine longbow for 446 gold pieces
 55446 | Depths:1 | Bought a jade ring for 235 gold pieces
 55446 | Depths:1 | Identified the +1 longbow of the Enchanted Forest {freeze,
                  | rC+ Int+3} (You bought it in a shop on level 1 of the
                  | Depths)
 55448 | Depths:1 | Identified the +1 chain mail of the Catamount {rC+ rCorr
                  | Stlth+} (You bought it in a shop on level 1 of the Depths)
 55862 | Depths:2 | Found Wiarhos's Island Escapes.
 55995 | Depths:2 | Reached skill level 2 in Spellcasting
 56144 | Depths:2 | Found a corrupted altar of Lugonu.
 56145 | Depths:2 | Found a one-way gate to the infinite horrors of the Abyss.
 56213 | Depths:2 | Reached skill level 3 in Spellcasting
 56372 | Depths:2 | Bought a scroll of fog for 32 gold pieces
 56372 | Depths:2 | Bought a scroll of fog for 32 gold pieces
 56372 | Depths:2 | Bought a scroll of blinking for 120 gold pieces
 56372 | Depths:2 | Bought a wand of digging (3) for 224 gold pieces
 56428 | Depths:3 | Noticed a golden dragon
 56454 | Depths:3 | Reached skill level 4 in Spellcasting
 56486 | Depths:3 | Killed a golden dragon
 56856 | Depths:2 | Reached skill level 5 in Spellcasting
 57396 | Depths:2 | Found a gateway to Hell.
 57498 | Depths:2 | Reached skill level 6 in Spellcasting
 57620 | Depths:1 | Reached XP level 23. HP: 202/202 MP: 32/32
 57853 | Depths:1 | Reached skill level 7 in Spellcasting
 57963 | Depths:1 | Found the +2 hat of the Bear Spirit {Spirit, +Rage rN+
                  | MR++}
 58054 | Depths:1 | Got a clouded steel ring
 58058 | Depths:1 | Identified the Compendium of the Unholy Entourage
 58463 | Depths:1 | You fall through a shaft!
 58693 | Depths:3 | Found Usaoh's Assorted Antiques.
 58805 | Depths:3 | Reached skill level 8 in Spellcasting
 59302 | Depths:3 | Found Ukku's Food Shoppe.
 59433 | Depths:3 | Reached skill level 9 in Spellcasting
 59938 | Depths:3 | Found a one-way gate leading to the halls of Pandemonium.
 61281 | Depths:4 | Noticed Mennas
 61294 | Depths:4 | Voluntarily entered the Abyss.
 61643 | Abyss:3  | Found a corrupted altar of Lugonu.
 61842 | Abyss:3  | Paralysed by accursed screaming for 1 turns
 61859 | Abyss:3  | Paralysed by accursed screaming for 1 turns
 61889 | Abyss:3  | Found a blossoming altar of Fedhas.
 62147 | Abyss:3  | Reached skill level 10 in Spellcasting
 62380 | Abyss:3  | Learned a level 1 spell: Confusing Touch
 62709 | Depths:4 | Escaped the Abyss
 63205 | Depths:4 | Identified the ring of Poogish {rCorr rN+ Int+4} (You found
                  | it on level 1 of the Depths)
 63259 | Depths:4 | Found a runed translucent door.
 63261 | Depths:4 | Noticed Magireb's ghost (adept VSGl)
 63351 | Depths:4 | Noticed Frederick
 63394 | Depths:4 | Noticed Jory
 63395 | Depths:4 | Bought a scroll of blinking for 142 gold pieces
 63416 | Depths:4 | HP: 3/205 [Mennas/+5 trishula of holy wrath (12)]
 64038 | Depths:3 | Bought a runed shield for 165 gold pieces
 64038 | Depths:3 | Bought a scroll of identify for 44 gold pieces
 64916 | Tomb:1   | Entered Level 1 of the Tomb of the Ancients
 64986 | Tomb:1   | Noticed Boris
 65030 | Tomb:1   | Killed Boris
 65174 | Tomb:1   | Reached skill level 11 in Spellcasting
 65859 | Depths:1 | Reached XP level 24. HP: 155/213 MP: 38/38
 66102 | Depths:1 | Found a gateway to a ziggurat.
 66578 | Depths:2 | Voluntarily entered the Abyss.
 66902 | Abyss:1  | Reached skill level 12 in Spellcasting
 67115 | Depths:2 | Escaped the Abyss
 67384 | Depths:2 | Voluntarily entered the Abyss.
 67385 | Abyss:1  | Found a corrupted altar of Lugonu.
 67616 | Abyss:1  | Reached skill level 15 in Shields
 67650 | Abyss:1  | Paralysed by accursed screaming for 1 turns
 68016 | Abyss:3  | Learned a level 3 spell: Ozocubu's Armour
 68200 | Abyss:3  | Noticed an ancient lich
 68249 | Abyss:3  | Reached skill level 13 in Spellcasting
 68356 | Abyss:3  | Paralysed by accursed screaming for 1 turns
 69513 | Abyss:4  | Reached skill level 14 in Spellcasting
 69570 | Abyss:4  | Got an ichor-stained ring mail
 69793 | Abyss:5  | Entered Level 5 of the Abyss
 69793 | Abyss:5  | Entered Level 5 of the Abyss
 69908 | Abyss:5  | Paralysed by you for 7 turns
 70278 | Depths:2 | Escaped the Abyss
 70419 | Depths:5 | Entered Level 5 of the Depths
 70423 | Depths:5 | Noticed Boris
 70524 | Depths:4 | Reached XP level 25. HP: 223/223 MP: 41/41
 70688 | Depths:4 | Killed Mennas
 70911 | Depths:4 | Voluntarily entered the Abyss.
 71019 | Depths:4 | Escaped the Abyss
 71666 | Hell     | Entered the Vestibule of Hell
 71666 | Hell     | Noticed Geryon
 71688 | Depths:1 | Identified the +5 ring mail of Uhosach {+Blink rF- rC+++
                  | MR- Regen+} (You found it on level 4 of the Abyss)
 72111 | Shoals:2 | Got a fine trident
 72112 | Shoals:2 | Identified the +9 trident "Zoptan" {drain, rF+ Stlth+} (You
                  | found it on level 2 of the Shoals)
 72332 | Shoals:3 | Reached skill level 1 in Polearms
 72655 | Shoals:4 | Got a smoking brass ring
 73044 | Spider:1 | Noticed Jorgrun
 74776 | D:15     | Killed Roxanne
 75130 | D:15     | Learned a level 2 spell: Passwall
 75586 | Shoals:4 | Reached skill level 5 in Polearms
 75891 | Lair:3   | Killed Jorgrun
 76357 | Spider:1 | Noticed Josephine
 76369 | Spider:1 | Killed Josephine
 76488 | Spider:1 | Noticed Louise
 76497 | Spider:1 | Killed Louise
 76731 | Spider:1 | Identified the ring "Xaqouschaz" {Fire Dex+4} (You found it
                  | on level 4 of the Shoals)
 77013 | Spider:2 | Noticed Azrael
 77028 | Spider:2 | Killed Azrael
 77502 | Spider:3 | Noticed Bai Suzhen
 77539 | Spider:2 | Killed Bai Suzhen
 78900 | Spider:4 | Entered Level 4 of the Spider Nest
 79154 | Spider:4 | Reached skill level 10 in Polearms
 79869 | Spider:4 | Got a wavering marble ring
 79920 | Spider:4 | Identified the ring "Huvvugh" {rPois Stlth+} (You found it
                  | on level 4 of the Spider Nest)
 80197 | Spider:4 | Gained mutation: You are strongly in touch with the powers
                  | of death. [Mummy growth]
 80197 | Spider:4 | Reached XP level 26. HP: 167/231 MP: 0/41
 80240 | Spider:4 | Got a gossamer rune of Zot
 81055 | Vaults:5 | Found Bumalet's Antique Weapon Boutique.
 81224 | Vaults:5 | Noticed an ancient lich
 81281 | Vaults:5 | Killed an ancient lich
 81749 | Vaults:5 | Identified the +9 dagger "Embalmer" {venom, Dex+2 SInv}
                  | (You found it on level 5 of the Vaults)
 81757 | Vaults:5 | Identified the +8 rapier "Trog's Indignation" {drain, rPois
                  | rF+}
 81778 | Vaults:5 | Got a silver rune of Zot
 81956 | Vaults:5 | Identified the +8 spear "Xaonlav" {pierce, rC++}
 82089 | Vaults:5 | Reached skill level 15 in Polearms
 82243 | Vaults:5 | Identified the +9 falchion "Kyuroixu" {slice, Dex+4}
 82306 | Vaults:5 | Identified the +3 executioner's axe of Eplikiphihip {chop,
                  | Int+6}
 82430 | Vaults:4 | Reached skill level 15 in Spellcasting
 82540 | Vaults:5 | Bought a runed eveningstar for 558 gold pieces
 82541 | Vaults:5 | Identified the ring "Ruluamok" {Fire Int+2 Slay+3}
 82565 | Vaults:5 | Identified the cursed +1 mace of Vengeance {drain, rC+}
 82698 | Vaults:5 | Identified the +5 quick blade of Ashenzari's Pride {flame,
                  | Str+4 Dex+3}
 82935 | Vaults:5 | Identified the +4 battleaxe "Wadil" {antimagic, rF- Int+2
                  | Dex+6}
 82935 | Vaults:5 | Identified the +5 scale mail "Quylucsu" {rN+ Int+3 SInv}
 83144 | Vaults:5 | Reached skill level 16 in Spellcasting
 83194 | Vaults:5 | Reached XP level 27. HP: 224/237 MP: 43/43
 83221 | Vaults:5 | Identified the Collected Works on Attacks
 83780 | Orc:2    | Bought a book of the Warp for 1260 gold pieces
 84105 | Slime:1  | Entered Level 1 of the Pits of Slime
 84949 | Slime:2  | You fall through a shaft!
 84996 | Slime:3  | Learned a level 8 spell: Controlled Blink
 85767 | Slime:5  | Entered Level 5 of the Pits of Slime
 86021 | Slime:5  | Reached skill level 17 in Spellcasting
 86786 | Slime:5  | Noticed the Royal Jelly
 86958 | Slime:5  | Found a viscous altar of Jiyva.
 86993 | Slime:5  | Killed the Royal Jelly
 87209 | Slime:5  | Got a bound golden ring
 87211 | Slime:5  | Got a slimy rune of Zot
 87221 | Slime:5  | Got a steaming lapis lazuli ring
 87369 | Slime:5  | Identified the ring "Sofiol" {rPois rN+ AC+4 Int-3} (You
                  | found it on level 5 of the Pits of Slime)
 87370 | Slime:5  | Identified the ring "Zeorea" {rF+++ Str-3 Dex+4 SInv
                  | Stlth-} (You found it on level 5 of the Pits of Slime)
 87510 | Slime:2  | Reached skill level 18 in Spellcasting
 87964 | Depths:4 | Killed Jory
 88249 | Depths:4 | Killed Magireb's ghost
 88335 | Depths:4 | Killed Frederick
 88687 | Depths:5 | Killed Boris
 88687 | Depths:5 | Reached skill level 19 in Spellcasting
 89060 | Depths:5 | Reached skill level 15 in Translocations
 89210 | Depths:5 | Found a shimmering altar of Xom.
 89291 | Depths:5 | Found a gate to the Realm of Zot.
 89588 | Zot:1    | Entered Level 1 of the Realm of Zot
 90003 | Zot:1    | Reached skill level 20 in Spellcasting
 91154 | Zot:1    | Bought a scroll of enchant weapon for 75 gold pieces
 91154 | Zot:1    | Bought a scroll of enchant armour for 75 gold pieces
 91154 | Zot:1    | Bought a scroll of teleportation for 30 gold pieces
 91154 | Zot:1    | Bought a scroll of summoning for 95 gold pieces
 91963 | Zot:3    | Reached skill level 21 in Spellcasting
 94265 | Zot:4    | Reached skill level 22 in Spellcasting
 94751 | Zot:5    | Entered Level 5 of the Realm of Zot
 94940 | Depths:5 | Learned a level 3 spell: Portal Projectile
 94946 | Depths:5 | Learned a level 5 spell: Silence
 94953 | Depths:5 | Learned a level 6 spell: Deflect Missiles
 95125 | Depths:4 | Voluntarily entered the Abyss.
 95368 | Abyss:1  | Reached skill level 1 in Charms
 95368 | Abyss:1  | Reached skill level 1 in Air Magic
 95650 | Abyss:1  | Killed an ancient lich
 96146 | Abyss:3  | Found a corrupted altar of Lugonu.
 96364 | Abyss:4  | Found a corrupted altar of Lugonu.
 96364 | Abyss:4  | Found a corrupted altar of Lugonu.
 96399 | Abyss:4  | Reached skill level 23 in Spellcasting
 96665 | Abyss:4  | Reached skill level 5 in Air Magic
 96672 | Abyss:4  | Paralysed by accursed screaming for 1 turns
 96675 | Abyss:4  | Reached skill level 5 in Charms
 97143 | Abyss:4  | Got a bloodstained great mace
 97144 | Abyss:4  | Identified the cursed +1 great mace of the Tundras {drain,
                  | -Tele Dex+7} (You found it on level 4 of the Abyss)
 97221 | Abyss:4  | Found a transporter.
 97239 | Abyss:4  | Identified the ring of Syaxacay {EV+2 Stlth+}
 98411 | Abyss:4  | Paralysed by accursed screaming for 1 turns
 98546 | Abyss:4  | Got an abyssal rune of Zot
 98606 | Abyss:4  | Reached skill level 24 in Spellcasting
 98724 | Abyss:4  | Paralysed by accursed screaming for 1 turns
 98763 | Abyss:4  | Noticed an ancient lich
 98785 | Depths:4 | Escaped the Abyss
 99022 | Depths:4 | Learned a level 5 spell: Aura of Abjuration
 99029 | Depths:4 | Bought a scroll of teleportation for 108 gold pieces
 99029 | Depths:4 | Bought a garnet-encrusted ring mail for 324 gold pieces
 99029 | Depths:4 | Bought a scroll of fear for 126 gold pieces
 99029 | Depths:4 | Bought a scroll of teleportation for 108 gold pieces
 99085 | Pan      | Entered Pandemonium
 99784 | Pan      | Reached skill level 1 in Summonings
 99888 | Pan      | Noticed Keodwol the pandemonium lord
100080 | Pan      | Killed Keodwol the pandemonium lord
100790 | Pan      | Got a demonic rune of Zot
101734 | Pan      | Identified the +1 ring mail of Dishonour {*Contam rCorr
                  | Str+9 Int-3} (You bought it in a shop on level 4 of the
                  | Depths)
101767 | Pan      | Reached skill level 25 in Spellcasting
102095 | Pan      | Noticed Xiuzerph the pandemonium lord
102885 | Pan      | Identified the cursed +3 spear "Plog" {pierce, rN+}
103564 | Pan      | Noticed Marad the pandemonium lord
103589 | Pan      | Entered the realm of Gloorx Vloq.
104131 | Pan      | Reached skill level 26 in Spellcasting
104977 | Pan      | Noticed Gloorx Vloq
105586 | Pan      | Reached skill level 27 in Spellcasting
105926 | Pan      | Learned a level 6 spell: Bolt of Fire
106007 | Pan      | Reached skill level 1 in Fire Magic
106096 | Pan      | Got a dark rune of Zot
106178 | Pan      | Entered the realm of Cerebov.
106435 | Pan      | Identified the +4 ring mail of the Lich-sworn {MR+ Dex+2}
                  | (You found it in Pandemonium)
106514 | Pan      | Reached skill level 5 in Fire Magic
107039 | Pan      | Found an exit through the horrors of the Abyss.
107446 | Pan      | Identified Xylay's Handbook of the Escort and Feathers
107491 | Pan      | Identified the +0 pair of boots "Fuwosoux" {MP-9 Str+4
                  | SInv} (You found it in Pandemonium)
107591 | Pan      | Identified the +6 sword of Cerebov {flame}
107591 | Pan      | Noticed Cerebov
108173 | Pan      | Got a fiery rune of Zot
108280 | Pan      | Reached skill level 1 in Earth Magic
108435 | Pan      | Took an exit into the Abyss.
108435 | Abyss:1  | Escaped into the Abyss
108776 | Abyss:1  | Found a corrupted altar of Lugonu.
108787 | Abyss:1  | Learned a level 6 spell: Iron Shot
108828 | Abyss:1  | Killed an ancient lich
108828 | Abyss:1  | Reached skill level 1 in Conjurations
108831 | Abyss:1  | Reached skill level 5 in Earth Magic
108836 | Abyss:1  | Found a corrupted altar of Lugonu.
108839 | Depths:3 | Escaped the Abyss
109537 | Hell     | Killed Geryon
110290 | Hell     | Noticed Murray
110329 | Hell     | Killed Murray
110461 | Hell     | Found a gateway to the ashen valley of Gehenna.
110556 | Hell     | Found a gateway to the Iron City of Dis.
110619 | Hell     | Found a gateway to the freezing wastes of Cocytus.
110789 | Hell     | Found a gateway to the decaying netherworld of Tartarus.
110867 | Hell     | Reached skill level 5 in Conjurations
110983 | Geh:1    | Entered Level 1 of Gehenna
112006 | Geh:2    | You fall through a shaft!
113514 | Hell     | Bought a metal-bound book for 540 gold pieces
113514 | Hell     | Bought a scroll of teleportation for 108 gold pieces
113514 | Hell     | Bought a scroll of magic mapping for 126 gold pieces
113514 | Hell     | Bought a scroll of identify for 72 gold pieces
113514 | Hell     | Bought a scroll of identify for 72 gold pieces
113514 | Hell     | Bought a slimy robe for 205 gold pieces
113514 | Hell     | Identified the +1 robe "Seistuedo" {rF- Int+2 Dex+5} (You
                  | bought it in a shop in the Vestibule of Hell)
113836 | Orc:2    | Learned a level 8 spell: Ignition
113851 | Orc:2    | Learned a level 7 spell: Spellforged Servitor
114155 | Tar:1    | Entered Level 1 of Tartarus
114501 | Tar:1    | Reached skill level 5 in Summonings
114613 | Tar:1    | Killed from afar by a Tzitzimitl

Skill      XL: |  1  2  3  4  5  6  7  8  9 10 11 12 13 14 15 16 17 18 19 20 21 22 23 24 25 26 27 |
---------------+----------------------------------------------------------------------------------+-----
Spellcasting   | 1 6 11 14 16 27 | 27.0
Fighting       | 2 3 5 6 8 9 11 12 13 14 15 16 17 18 19 20 21 22 23 25 | 25.6
Stealth        | 1 2 |  2.0
Short Blades   | 4 5 6 7 8 9 10 11 12 | 12.2
Armour         | 3 4 6 7 9 10 11 12 13 14 15 16 17 | 17.1
Dodging        | 4 7 8 10 11 12 14 | 14.5
Shields        | 7 12 13 14 15 | 15.9
Translocations | 8 11 12 17 | 17.3
Polearms       | 11 15 | 15.1
Charms         | 7 |  7.8
Air Magic      | 7 |  7.8
Summonings     | 5 |  5.2
Fire Magic     | 7 |  7.8
Earth Magic    | 9 |  9.3
Conjurations   | 8 |  8.6
Bows           | |  1.8
Throwing       | |  1.5

Action                   |  1- 3 |  4- 6 |  7- 9 | 10-12 | 13-15 | 16-18 | 19-21 | 22-24 | 25-27 || total
-------------------------+-------+-------+-------+-------+-------+-------+-------+-------+-------++-------
Melee: Short sword       |   117 |   206 |   346 |  1028 |  2482 |  2882 |  3227 |  4480 |   190 || 14958
       Demon trident     |       |       |       |       |       |       |       |       |  9477 ||  9477
       Trident           |       |       |       |       |       |       |       |       |   337 ||   337
 Fire: Shortbow          |     9 |     1 |       |       |       |       |       |       |       ||    10
       Blowgun           |       |     3 |       |       |       |       |       |       |       ||     3
Throw: Throwing net      |       |       |       |       |       |     1 |     8 |     2 |     6 ||    17
 Cast: Blink             |       |       |       |       |       |       |       |     1 |    15 ||    16
       Controlled Blink  |       |       |       |       |       |       |       |       |    24 ||    24
       Iron Shot         |       |       |       |       |       |       |       |       |    17 ||    17
       Aura of Abjuratio |       |       |       |       |       |       |       |       |    10 ||    10
       Deflect Missiles  |       |       |       |       |       |       |       |       |     7 ||     7
       Bolt of Fire      |       |       |       |       |       |       |       |       |     3 ||     3
       Silence           |       |       |       |       |       |       |       |       |     1 ||     1
Invok: Potion Petition   |       |       |       |     2 |     3 |     5 |     5 |    10 |    30 ||    55
       Call Merchant     |       |       |       |       |     2 |     4 |     1 |     2 |     3 ||    12
 Abil: Evoke Flight      |       |       |       |       |       |     6 |       |       |       ||     6
Evoke: Wand              |       |       |     3 |     9 |    38 |     9 |    17 |    24 |    43 ||   143
       Phantom mirror    |       |       |       |       |       |       |       |     1 |       ||     1
  Use: Scroll            |     3 |     6 |     6 |    10 |    16 |    18 |    16 |    29 |    71 ||   175
 Stab: Sleeping          |     1 |     1 |       |       |       |       |       |     1 |       ||     3
       Paralysed         |       |       |     2 |       |     4 |       |       |       |       ||     6
       Distracted        |       |       |       |     7 |    13 |    17 |    14 |    32 |    55 ||   138
       Petrifying        |       |       |       |       |     2 |       |       |     1 |       ||     3
       Petrified         |       |       |       |       |     1 |     2 |       |       |       ||     3
       Invisible         |       |       |       |       |       |     9 |     1 |     3 |     7 ||    20
       Confused          |       |       |       |       |       |       |     7 |     2 |       ||     9
       Held in net/web   |       |       |       |       |       |       |    11 |     2 |     5 ||    18
Armor: Robe              |    20 |    26 |       |       |       |       |       |       |       ||    46
       Crystal plate arm |       |    42 |   290 |   707 |  1245 |  1085 |  1019 |   280 |       ||  4668
       Acid dragon scale |       |       |       |       |       |       |       |   542 |  1887 ||  2429
Dodge: Dodged            |    71 |    51 |    40 |   297 |   895 |   812 |  1088 |  2003 |  4456 ||  9713
       Deflected         |       |       |       |       |       |       |       |       |    49 ||    49
Block: Buckler           |       |       |       |       |   114 |   573 |   620 |   590 |       ||  1897
       Shield            |       |       |       |       |       |       |       |   750 |  5972 ||  6722
